Match 47176948
Unlisted

Match 47176948
End
Construct Section Command Post
Royal Engineer Section
Infantry Section
Infantry Section
ML 3-inch Mortar Team
Construct Field Infirmary
Selects Canadian Shock Battlegroup
Infantry Section
Selects Burnout
Construct Platoon Command Post
Humber Armored Car
Infantry Training
6-pounder Anti-tank Gun Team
Selects Pyrotechnics
Grenade Package
Infantry Section
Silac
Lucifi
玉米
asfgdfgs
gülen
Kerem
ShadowStorm
mentoss
0
0

Comments sign in to comment!

No comments posted yet!